 Dungeon Crawl Stone Soup version 0.32-a0-673-g3729bd50f8 (webtiles) character file.

Game seed: 16401211359369064468

1701 Sabo the Charlatan (level 9, -2/67 HPs)
             Began as a Gnoll Artificer on Mar 10, 2024.
             Was a Believer of Qazlal.
             Killed from afar by an electric eel (6 damage)
             ... with a bolt of electricity
             ... on level 6 of the Dungeon.
             The game lasted 00:34:22 (6912 turns).

Sabo the Charlatan (Gnoll Artificer)                Turns: 6912, Time: 00:34:23

Health: -2/67      AC: 18    Str: 22    XL:     9   Next: 3%
Magic:  14/14      EV: 10    Int: 17    God:    Qazlal [**....]
Gold:   281        SH:  2    Dex: 12    Spells: 15/15 levels left

rFire   . . .        G - +2 trident (drain)
rCold   . . .        (no shield)
rNeg    . . .        g - +0 chain mail
rPois   .            k - +2 helmet
rElec   .            z - +0 cloak
rCorr   .            (no gloves)
SInv    .            o - +2 pair of boots
Will    .....        (no amulet) Stlth
                     t - +6 ring of strength
HPRegen 0.31/turn    D - +6 ring of intelligence
MPRegen 0.14/turn

%: no passive effects
@: very slow
A: fangs 1, strong nose, distributed training
a: Renounce Religion, Upheaval


You were on level 6 of the Dungeon.
You worshipped Qazlal.
Qazlal was pleased with you.
You visited 1 branch of the dungeon, and saw 6 of its levels.

You collected 281 gold pieces.

Inventory:

Hand Weapons
 a - the +0 short sword "Liucinesk" {venom, rC++}
   (You found it on level 3 of the Dungeon)

   rC++:      It greatly protects you from cold.
 u - a +0 great mace
 x - a +0 morningstar
 B - a +0 war axe
 C - a +0 battleaxe
 E - a +0 shortbow
 G - a +2 trident of draining (weapon)
Missiles
 h - 10 boomerangs
 n - 12 atropa-tipped darts
Armour
 g - a +0 chain mail (worn)
 k - a +2 helmet (worn)
 o - a +2 pair of boots (worn)
 y - a +2 leather armour of positive energy
 z - a +0 cloak (worn)
Jewellery
 t - a +6 ring of strength (left hand)
 v - a ring of ice
 D - a +6 ring of intelligence (right hand)
Talismans
 w - a granite talisman
Wands
 c - a wand of flame (56) (quivered)
 d - a wand of charming (15)
 e - a wand of iceblast (2)
 A - a wand of light (18)
Scrolls
 b - 4 scrolls of poison
 i - 4 scrolls of teleportation
 m - a scroll of revelation
 q - a scroll of fog
 F - a scroll of silence {unknown}
Potions
 f - a potion of curing
 j - 3 potions of haste {unknown}
 l - a potion of cancellation {unknown}
 p - a potion of heal wounds {unknown}
 r - a potion of invisibility {unknown}


   Skills:
 + Level 4.8 Fighting
 + Level 3.9 Short Blades
 + Level 3.9 Long Blades
 + Level 3.9 Axes
 + Level 3.9 Maces & Flails
 + Level 3.9 Polearms
 + Level 3.9 Staves
 + Level 3.9 Ranged Weapons
 + Level 3.9 Throwing
 + Level 6.1 Armour
 + Level 4.8 Dodging
 + Level 4.6 Stealth
 + Level 3.9 Shields
 + Level 3.9 Unarmed Combat
 + Level 3.9 Spellcasting
 + Level 3.2 Conjurations
 + Level 3.2 Hexes
 + Level 3.2 Summonings
 + Level 3.2 Necromancy
 + Level 3.2 Translocations
 + Level 3.2 Fire Magic
 + Level 3.2 Ice Magic
 + Level 3.2 Air Magic
 + Level 3.2 Earth Magic
 + Level 3.2 Alchemy
 + Level 4.3 Invocations
 + Level 7.7 Evocations
 + Level 3.5 Shapeshifting


You had 15 spell levels left.
You didn't know any spells.
Your spell library contained the following spells:

 Spells                   Type           Power      Damage    Failure   Level
 Blink                    Tloc           28%        N/A       34%         2
 Lesser Beckoning         Tloc           28%        N/A       34%         2
 Mercury Vapours          Alch/Air       28%        N/A       34%         2
 Momentum Strike          Conj/Tloc      28%        3d8       34%         2
 Frozen Ramparts          Ice            28%        1d5       56%         3
 Fugue of the Fallen      Necr           14%        N/A       56%         3
 Gell's Gravitas          Tloc           14%        N/A       56%         3
 Mephitic Cloud           Conj/Alch/Air  14%        N/A       56%         3
 Ozocubu's Armour         Ice            14%        N/A       56%         3
 Teleport Other           Tloc           14%        N/A       56%         3
 Leda's Liquefaction      Alch/Erth      7%         N/A       93%         4
 Manifold Assault         Tloc           14%        N/A       93%         4
 Petrify                  Alch/Erth      14%        N/A       93%         4
 Freezing Cloud           Conj/Ice/Air   7%         6-21      100%        5
 Metabolic Englaciation   Hex/Ice        7%         N/A       100%        5
 Dispersal                Tloc           7%         N/A       100%        6


Dungeon Overview and Level Annotations

Branches:
Dungeon (6/15)
 Temple: D:4-7

Altars:
Cheibriados
Qazlal
Ru
Sif Muna
Uskayaw

Shops:
D:4 :

Annotations:
D:5 3 runed translucent doors, Krumphau's ghost, novice DsMo
D:6 2 transporters, LobsterGuardian's ghost, novice DrSh


Innate Abilities, Weirdness & Mutations

You have very sharp teeth.
Your uncanny sense of smell can sniff out nearby items.
Your experience applies equally to all skills.


Message History

HP restored.
Found a scroll of identify.
H - a scroll of identify
As you read the scroll of identify, it crumbles to dust.
s - a scroll of vulnerability You drop a scroll of vulnerability.
The electric eel shoots out a bolt of lightning at you!
The bolt of electricity hits you.
The electric eel shoots out a bolt of lightning at you!
The bolt of electricity hits you!
The electric eel shoots out a bolt of lightning at you!
The bolt of electricity hits you!
You enter the shallow water.
Moving in this stuff is going to be slow.
Your unstable footing causes you to fumble your attack.
The electric eel shoots out a bolt of lightning at you!
The bolt of electricity hits you.
You puncture the electric eel!
The electric eel is heavily wounded.
The electric eel shoots out a bolt of lightning at you!
The bolt of electricity hits you!
Your unstable footing causes you to fumble your attack.
You barely miss the electric eel.
The electric eel is heavily wounded.
The electric eel shoots out a bolt of lightning at you!
The bolt of electricity hits you!
* * * LOW HITPOINT WARNING * * *
Your unstable footing causes you to fumble your attack.
The electric eel shoots out a bolt of lightning at you!
The bolt of electricity hits you!
* * * LOW HITPOINT WARNING * * *
You closely miss the electric eel. Your bite misses the electric eel.
The electric eel is heavily wounded.
The electric eel shoots out a bolt of lightning at you!
The bolt of electricity hits you.
* * * LOW HITPOINT WARNING * * *
Your unstable footing causes you to fumble your attack.
The electric eel shoots out a bolt of lightning at you!
The bolt of electricity hits you.
You die...

## #. #. ###########. ###
########......#.... ##.##
#...............##. ####..?##
#.~~~~~.~~~~.##.##.
#.......####.~≈≈≈~.~≈≈~.##.##.
####.#..........@S≈≈~.~≈≈~....[..
.........#.##...≈~~~~.≈≈≈~..#####
####.#...#.###........~~~~.## #..
..##.###.#.# #..~~~~.......# #.#
..##.......# ##.~≈≈~.~~≈~~.####.#
..#####...## #.~≈≈~.~~≈≈~.##ß#.#
.## ##.....## #.~≈≈~.~≈≈≈~.##....
.# ##.......###.~~~~.~~~~~.##.._.
.###.........##............##....


You could see an electric eel.

Vanquished Creatures
  Jeremiah (D:6)
  Eustachio (D:6)
  Menkaure (D:4)
  2 black bears
  A centaur (D:6)
  Blork the orc (D:4)
  5 scorpions
  A gnoll bouda (D:5)
  An orc priest (D:4)
  3 hounds (D:5)
  2 iguanas
  A sleepcap (D:5)
  2 orc wizards (D:4)
  Robin (D:3)
  3 gnolls (D:5)
  11 adders
  A shadow imp (D:5)
  A white imp (D:5)
  2 ufetubi (D:5)
  3 dart slugs
  A ribbon worm (D:4)
  17 orcs
  3 ball pythons
  A bat (D:2)
  5 endoplasms
  3 giant cockroaches
  10 goblins
  4 hobgoblins
  11 jackals
  4 kobolds
  7 quokkas
  3 rats
113 creatures vanquished.

Notes
Turn   | Place    | Note
-------+----------+-------------------------------------------
     0 | D:1      | Sabo the Gnoll Artificer began the quest for the Orb.
     0 | D:1      | Reached XP level 1. HP: 17/17 MP: 1/1
   262 | D:1      | Found a faded altar of an unknown god.
   286 | D:1      | Reached XP level 2. HP: 6/23 MP: 2/2
  1421 | D:2      | Reached XP level 3. HP: 28/28 MP: 3/3
  2177 | D:3      | Identified the +0 short sword "Liucinesk" {venom, rC++}
  2275 | D:3      | Reached skill level 1 in Invocations
  2287 | D:3      | Reached skill level 1 in Short Blades
  2287 | D:3      | Reached skill level 1 in Long Blades
  2287 | D:3      | Reached skill level 1 in Axes
  2287 | D:3      | Reached skill level 1 in Maces & Flails
  2287 | D:3      | Reached skill level 1 in Polearms
  2287 | D:3      | Reached skill level 1 in Staves
  2287 | D:3      | Reached skill level 1 in Ranged Weapons
  2287 | D:3      | Reached skill level 1 in Throwing
  2287 | D:3      | Reached skill level 1 in Shields
  2287 | D:3      | Reached skill level 1 in Unarmed Combat
  2287 | D:3      | Reached skill level 1 in Spellcasting
  2536 | D:3      | Noticed Robin
  2556 | D:3      | Killed Robin
  2557 | D:3      | Reached skill level 1 in Shapeshifting
  2557 | D:3      | Reached XP level 4. HP: 10/34 MP: 5/5
  2570 | D:3      | HP: 1/34 [goblin/+0 club[Robin] (3)]
  2765 | D:3      | Found a snail-covered altar of Cheibriados.
  2779 | D:3      | Found a sacrificial altar of Ru.
  2793 | D:3      | Found a stormy altar of Qazlal.
  2798 | D:3      | Found a hide-covered altar of Uskayaw.
  2804 | D:3      | Became a worshipper of Qazlal Stormbringer
  2925 | D:3      | Reached skill level 1 in Conjurations
  2925 | D:3      | Reached skill level 1 in Hexes
  2925 | D:3      | Reached skill level 1 in Summonings
  2925 | D:3      | Reached skill level 1 in Necromancy
  2925 | D:3      | Reached skill level 1 in Translocations
  2925 | D:3      | Reached skill level 1 in Fire Magic
  2925 | D:3      | Reached skill level 1 in Ice Magic
  2925 | D:3      | Reached skill level 1 in Air Magic
  2925 | D:3      | Reached skill level 1 in Earth Magic
  2925 | D:3      | Reached skill level 1 in Alchemy
  3372 | D:4      | Noticed a scorpion
  3380 | D:4      | Killed a scorpion
  3381 | D:4      | Reached XP level 5. HP: 34/41 MP: 5/7
  3411 | D:4      | Noticed a black bear
  3424 | D:4      | Killed a black bear
  3425 | D:4      | Reached XP level 6. HP: 33/47 MP: 8/8
  3597 | D:4      | Reached skill level 5 in Armour
  3756 | D:4      | Found Vet Qopn's Book Shoppe.
  3858 | D:4      | Reached * piety under Qazlal
  4119 | D:4      | Noticed Blork the orc
  4123 | D:4      | Noticed Menkaure
  4128 | D:4      | Killed Menkaure
  4129 | D:4      | Reached skill level 7 in Evocations
  4129 | D:4      | Reached XP level 7. HP: 30/52 MP: 10/10
  4137 | D:4      | Killed Blork the orc
  4685 | D:5      | Entered Level 5 of the Dungeon
  5213 | D:5      | Reached XP level 8. HP: 59/60 MP: 12/12
  5338 | D:5      | Found a runed translucent gate.
  5339 | D:5      | Found a runed translucent gate.
  5341 | D:5      | Noticed Krumphau's ghost (novice DsMo)
  5346 | D:5      | Found a runed translucent gate.
  5402 | D:5      | Reached ** piety under Qazlal
  6212 | D:6      | Noticed Eustachio
  6221 | D:6      | Noticed LobsterGuardian's ghost (novice DrSh)
  6234 | D:6      | Killed Eustachio
  6282 | D:6      | Noticed a hornet
  6307 | D:6      | Found a transporter.
  6312 | D:6      | Found a transporter.
  6405 | D:6      | Found a shimmering blue altar of Sif Muna.
  6528 | D:6      | Noticed Jeremiah
  6556 | D:6      | Killed Jeremiah
  6791 | D:6      | Reached XP level 9. HP: 64/67 MP: 14/14
  6912 | D:6      | Killed from afar by an electric eel

Illustrated notes

Levels and vault maps discovered:
D:1:      lightli_molten_gateway, layout_loops_ring,
          ebering_ecumenical_altar_sacrificial
D:2:      layout_basic, chequers_serial_rivers_marsh
D:3:      layout_loops_ring, grunt_temple_overflow_cloverleaf, uniq_robin
D:4:      layout_basic, serial_shops, shop, uniq_menkaure, uniq_blork_the_orc
D:5:      layout_basic, minmay_temple_entry_overgrown, gammafunk_ghost_split,
          minmay_hedge_maze, minivault_27
D:6:      layout_loops_corners, mainiacjoe_overflow_alcove_2,
          gammafunk_ghost_hive, minivault_14, mrwooster_statue_mirror,
          nicolae_zig_zag_zippers, uniq_jeremiah, uniq_eustachio

Skill      XL: |  1  2  3  4  5  6  7  8 |
---------------+-------------------------+-----
Invocations    | 1 2 3 4 |  4.3
Short Blades   | 1 2 3 |  3.9
Long Blades    | 1 2 3 |  3.9
Axes           | 1 2 3 |  3.9
Maces & Flails | 1 2 3 |  3.9
Polearms       | 1 2 3 |  3.9
Staves         | 1 2 3 |  3.9
Ranged Weapons | 1 2 3 |  3.9
Throwing       | 1 2 3 |  3.9
Shields        | 1 2 3 |  3.9
Unarmed Combat | 1 2 3 |  3.9
Spellcasting   | 1 2 3 |  3.9
Shapeshifting  | 1 2 3 |  3.5
Conjurations   | 1 2 3 |  3.2
Hexes          | 1 2 3 |  3.2
Summonings     | 1 2 3 |  3.2
Necromancy     | 1 2 3 |  3.2
Translocations | 1 2 3 |  3.2
Fire Magic     | 1 2 3 |  3.2
Ice Magic      | 1 2 3 |  3.2
Air Magic      | 1 2 3 |  3.2
Earth Magic    | 1 2 3 |  3.2
Alchemy        | 1 2 3 |  3.2
Fighting       | 3 4 |  4.8
Dodging        | 3 4 |  4.8
Stealth        | 3 4 |  4.6
Armour         | 5 6 |  6.1
Evocations     | 7 |  7.7

Action                     |  1- 3 |  4- 6 |  7- 9 || total
---------------------------+-------+-------+-------++-------
  Melee: Club              |    30 |       |       ||    30
         Bite              |    16 |    15 |    51 ||    82
         Short sword       |   148 |   149 |   331 ||   628
         Trident           |       |       |    17 ||    17
  Evoke: Wand              |     1 |     2 |     2 ||     5
    Use: Scroll            |     7 |       |     4 ||    11
         Potion            |       |     1 |     1 ||     2
   Stab: Sleeping          |     1 |       |       ||     1
 Armour: Chain mail        |   147 |   124 |   267 ||   538
         Leather armour    |     3 |       |       ||     3
  Dodge: Dodged            |    67 |    78 |   132 ||   277
  Block: Other             |       |       |    21 ||    21

Table legend: (Time is in decaauts)
 A = Elapsed time spent in this place.
 B = Non-inter-level travel time spent in this place.
 C = Inter-level travel time spent in this place.
 D = Time resting spent in this place.
 E = Time spent auto-exploring this place.
 F = Levels seen in this place.
 G = Mean time per level.
                   A        B        C        D        E       F      G
               +--------+--------+--------+--------+--------+-----+--------+
         Total |   6859 |   6859 |      0 |   1569 |      0 |   6 | 1143.2 |
       Dungeon |   6859 |   6859 |      0 |   1569 |      0 |   6 | 1143.2 |
               +--------+--------+--------+--------+--------+-----+--------+

Top non-repeatable levels by time:
     D:4: 1298 daAuts
     D:2: 1236 daAuts
     D:5: 1229 daAuts
     D:3: 1189 daAuts
     D:6: 956 daAuts
     D:1: 949 daAuts
